 Dungeon Crawl Stone Soup version 0.30-a0-269-gf0224bf7b6 (webtiles) character file.

Game seed: 9865809742284890249

3009 NinjaNoafa the Grappler (level 9, -3/79 HPs)
             Began as a Ghoul Monk on Oct 14, 2022.
             Was an Initiate of Lugonu.
             Slain by Maggie
             ... wielding a +1 long sword of distortion
              (4 damage)
             ... on level 6 of the Dungeon.
             The game lasted 00:18:20 (4897 turns).

NinjaNoafa the Grappler (Ghoul Monk)                Turns: 4897, Time: 00:18:21

Health: -3/79      AC: 15    Str: 19    XL:     9   Next: 84%
Magic:  0/13       EV: 10    Int:  5    God:    Lugonu [......]
Gold:   332        SH:  0    Dex: 11    Spells: 8/8 levels left

rFire   . . .      SeeInvis .      - Unarmed
rCold   + . .      Faith    .    r - orb {light}
rNeg    + + +      Spirit   +    t - +0 plate armour
rPois   ∞          Reflect  .    n - +2 helmet
rElec   .          Harm     .    (no cloak)
rCorr   +          Rampage  .    (no gloves)
Will    .....                    j - +0 pair of boots
Stlth   ..........               h - amulet of guardian spirit
HPRegen 0.00/turn                q - ring of resist corrosion
MPRegen 0.13/turn                m - +4 ring of evasion

@: inhibited regen, glowing
A: claws 1, cold resistance 1, negative energy resistance 3, inhibited
regeneration, torment resistance 2, devour on kill
a: Renounce Religion


You were on level 6 of the Dungeon.
You worshipped Lugonu.
Lugonu was noncommittal.
You visited 2 branches of the dungeon, and saw 7 of its levels.
You visited the Abyss 1 time.

You collected 332 gold pieces.

Inventory:

Missiles
 c - 25 stones (quivered)
 p - 6 poisoned darts
Armour
 j - a +0 pair of boots (worn)
 n - a +2 helmet (worn)
 r - an orb of light (worn)
 t - a +0 plate armour (worn)
Jewellery
 h - an amulet of guardian spirit (around neck)
 m - a +4 ring of evasion (right claw)
 q - a ring of resist corrosion (left claw)
Wands
 o - a wand of polymorph (6)
 x - a wand of mindburst (5)
Scrolls
 a - 2 scrolls of silence
 b - a scroll of magic mapping
 d - a scroll of enchant armour
 e - 2 scrolls of teleportation
 f - a scroll of enchant weapon {unknown}
 i - a scroll of fog {unknown}
 k - 4 scrolls of immolation {unknown}
 l - 2 scrolls of brand weapon {unknown}
 s - 2 scrolls of blinking {unknown}
 v - a scroll of vulnerability {unknown}
 w - a scroll of poison {unknown}
Potions
 g - a potion of flight
Miscellaneous
 y - a piece from Xom's chessboard (15/15)


   Skills:
 - Level 7.0 Fighting
 + Level 4.6 Throwing
 + Level 3.5 Armour
 - Level 3.0 Dodging
 - Level 2.1 Stealth
 - Level 9.0 Unarmed Combat
 - Level 7.0 Invocations


You had 8 spell levels left.
You didn't know any spells.
Your spell library contained the following spells:

 Spells                   Type           Power      Damage    Failure   Level
 Apportation              Tloc           0%         N/A       100%        1
 Slow                     Hex            0%         N/A       100%        1
 Blink                    Tloc           0%         N/A       100%        2
 Momentum Strike          Conj/Tloc      0%         3d8       100%        2
 Confusing Touch          Hex            0%         N/A       100%        3
 Lesser Beckoning         Tloc           0%         N/A       100%        3
 Vampiric Draining        Necr           0%         2d6       100%        3
 Alistair's Intoxication  Tmut/Pois      0%         N/A       100%        5
 Conjure Ball Lightning   Conj/Air       0%         3x3d6     100%        6
 Discord                  Hex            0%         N/A       100%        8
 Disjunction              Tloc           0%         N/A       100%        8


Dungeon Overview and Level Annotations

Branches:
Dungeon (6/15)             Temple (1/1) D:4

Altars:
Cheibriados
Dithmenos
Makhleb
Nemelex Xobeh
Okawaru
Qazlal
Ru
Uskayaw
Vehumet
Wu Jian
Xom
Yredelemnul

Shops:
D:3 [

Annotations:
D:6 4 runed translucent doors, Maggie; NinjaNoafa's ghost, novice TrMo


Innate Abilities, Weirdness & Mutations

You are immune to poison.
You have sharp fingernails.
Your flesh is cold resistant. (rC+)
You are immune to negative energy. (rN+++)
You do not regenerate when monsters are visible.
You are immune to unholy pain and torment.
You thrive by killing the living.


Message History

You plunge deeper into the Abyss.
Magic restored.
A wretched star comes into view.
Found a corrupted altar of Lugonu.
A small abomination comes into view.
The wretched star glows turbulently.
The lance of force hits you!
You are knocked back by the lance of force.
The wretched star pulses with an eldritch light!
A starcursed mass comes into view.
The wretched star pulses with an eldritch light!
There is a corrupted altar of Lugonu here.
You kneel at the altar of Lugonu.
You have lost your religion!
Okawaru does not appreciate desertion!
Lugonu welcomes you!
You can now depart the Abyss.
The small abomination hits you!
The small abomination hits you but does no damage.
You pass through the gate.
Welcome back to the Dungeon!
Level annotation: 4 runed translucent doors, Maggie; NinjaNoafa's ghost, novice TrMo You can no longer depart the Abyss at will.
Maggie points at you and mumbles some strange words.
The bolt of fire hits you!!
* * * LOW HITPOINT WARNING * * *
Okay, then.
As you read the scroll labelled ONYEMU DIRGHABU, it crumbles to dust.
It is a scroll of enchant armour.
Your +1 helmet glows green for a moment.
Maggie zaps a wand.
The bolt of light hits you but does no damage.
You are confused.
You are too confused!
You are too confused!
Okay, then.
You feel less confused.
Maggie hits you with a +1 long sword of distortion.
Space warps around you.
You die...

#####'###....#......#.
#.......######......#.
#...................#.
#...................#.
#.......[...........#.
#...................##
#....†/...............
#....@..##'###........
#....@..#....#######..
#...(!..#..........#..
#..>...............#..
#............##....'..
#(####++#######...†#..
#. ..W.~.≈# #....###
#.##~.#≈⌠..# #....# .
#.....#≈#........# .
#..$~. #........#


You could see Maggie and NinjaNoafa's ghost.

Vanquished Creatures
  A boulder beetle (D:6)
  A troll (D:6)
  Sigmund (D:6)
  A yak (D:6)
  A water moccasin (D:6)
  3 ice beasts (D:6)
  Duvessa (D:6)
  3 black bears
  An ogre (D:4)
  2 centaurs
  2 phantoms
  A kobold brigand (D:6)
  2 necrophages (D:6)
  Dowan (D:6)
  A howler monkey (D:6)
  5 hounds
  A jelly (D:6)
  An orc priest (D:5)
  2 iguanas
  An orc wizard (D:5)
  Robin (D:3)
  4 gnolls (D:5)
  4 adders (D:6)
  2 shadow imps
  A white imp (D:6)
  2 ufetubi
  2 worms
  A dart slug (D:2)
  9 orcs
  2 ball pythons (D:2)
  7 endoplasms
  4 giant cockroaches
  14 goblins
  8 hobgoblins
  2 quokkas
  3 bats
  4 frilled lizards
  10 kobolds
  4 rats
116 creatures vanquished.

Notes
Turn   | Place    | Note
-------+----------+-------------------------------------------
     0 | D:1      | NinjaNoafa the Ghoul Monk began the quest for the Orb.
     0 | D:1      | Reached XP level 1. HP: 19/19 MP: 0/0
   254 | D:1      | Reached XP level 2. HP: 20/26 MP: 1/1
   835 | D:2      | Reached skill level 4 in Unarmed Combat
   835 | D:2      | Reached XP level 3. HP: 33/33 MP: 2/2
  1479 | D:2      | Found a faded altar of an unknown god.
  1483 | D:2      | Prayed at the altar of an unknown god.
  1483 | D:2      | Became a worshipper of Warmaster Okawaru
  1483 | D:2      | Reached * piety under Okawaru
  1483 | D:2      | Reached ** piety under Okawaru
  1510 | D:3      | Noticed Robin
  1597 | D:3      | Killed Robin
  1598 | D:3      | Reached XP level 4. HP: 12/40 MP: 3/3
  1902 | D:3      | Found Naoxto's Armour Shoppe.
  2211 | D:3      | Reached skill level 1 in Armour
  2427 | D:4      | Found a staircase to the Ecumenical Temple.
  2470 | Temple   | Entered the Ecumenical Temple
  2547 | D:4      | Reached *** piety under Okawaru
  2548 | D:4      | Reached XP level 5. HP: 38/47 MP: 1/4
  2552 | D:4      | Noticed a black bear
  2576 | D:4      | Killed a black bear
  2577 | D:4      | Reached skill level 5 in Fighting
  2577 | D:4      | Reached skill level 5 in Unarmed Combat
  2577 | D:4      | Reached XP level 6. HP: 51/56 MP: 3/5
  3012 | D:5      | Entered Level 5 of the Dungeon
  3075 | D:5      | Reached skill level 6 in Unarmed Combat
  3075 | D:5      | Reached XP level 7. HP: 47/61 MP: 3/6
  3253 | D:5      | Reached skill level 7 in Unarmed Combat
  3977 | D:6      | Found a large runed translucent door.
  3992 | D:6      | Reached skill level 8 in Unarmed Combat
  4017 | D:6      | Reached **** piety under Okawaru
  4018 | D:6      | Reached XP level 8. HP: 68/68 MP: 7/7
  4096 | D:6      | Noticed Dowan
  4097 | D:6      | Noticed Duvessa
  4099 | D:6      | Noticed Sigmund
  4110 | D:6      | Killed Duvessa
  4111 | D:6      | Reached skill level 9 in Unarmed Combat
  4115 | D:6      | Killed Dowan
  4121 | D:6      | Killed Sigmund
  4272 | D:6      | Reached skill level 5 in Invocations
  4278 | D:6      | Reached ***** piety under Okawaru
  4401 | D:6      | Reached XP level 9. HP: 72/74 MP: 11/13
  4445 | D:6      | Found a large runed translucent door.
  4445 | D:6      | Found a large runed translucent door.
  4445 | D:6      | Noticed a boulder beetle
  4457 | D:6      | Noticed a troll
  4464 | D:6      | Killed a troll
  4551 | D:6      | Received a gift from Okawaru
  4568 | D:6      | Killed a boulder beetle
  4577 | D:6      | Found a large runed translucent door.
  4692 | D:6      | Received a gift from Okawaru
  4743 | D:6      | Found a large runed translucent door.
  4745 | D:6      | Found a large runed translucent door.
  4748 | D:6      | Noticed NinjaNoafa's ghost (novice TrMo)
  4756 | D:6      | Noticed Maggie
  4771 | Abyss:1  | Found a runed translucent door.
  4771 | Abyss:1  | Cast into level 1 of the Abyss (Maggie)
  4807 | Abyss:1  | Noticed a thrashing horror
  4884 | Abyss:2  | Noticed a wretched star
  4885 | Abyss:2  | Found a corrupted altar of Lugonu.
  4890 | Abyss:2  | Noticed a starcursed mass
  4893 | Abyss:2  | Fell from the grace of Okawaru
  4893 | Abyss:2  | Became a worshipper of Lugonu the Unformed
  4893 | Abyss:2  | Reached * piety under Lugonu
  4894 | D:6      | Escaped the Abyss
  4894 | D:6      | HP: 1/79 [Maggie/bolt of fire (24)]
  4897 | D:6      | Slain by Maggie

Illustrated notes

Levels and vault maps discovered:
D:1:      psy_arrival_statuary, layout_basic, st_stairs_13
D:2:      layout_loops_ring, shapermc_ecumenical_altar_hornbeckon,
          grunt_decor_junction, minmay_tromino_v4_b
D:3:      layout_loops_ring, serial_shops, shop, kennysheep_generic_room_5,
          uniq_robin
D:4:      layout_rooms, minmay_temple_entry_glass, kennysheep_flooded_box
D:5:      layout_basic
D:6:      layout_gridville, ebering_ghost_disaster_area,
          minmay_hollow_rounded_squares, uniq_maggie, uniq_duvessa, uniq_sigmund
Temple:   nicolae_temple_no_exploring_needed

Skill      XL: |  1  2  3  4  5  6  7  8  9 |
---------------+----------------------------+-----
Unarmed Combat | 4 5 6 8 9 |  9.0
Fighting       | 4 5 7 |  7.0
Armour         | 1 2 3 |  3.5
Dodging        | 3 |  3.0
Invocations    | 6 7 |  7.0
Throwing       | 4 |  4.6
Stealth        | |  2.1

Action                   |  1- 3 |  4- 6 |  7- 9 || total
-------------------------+-------+-------+-------++-------
Melee: Unarmed           |   126 |   102 |   176 ||   404
       Punch             |     5 |       |       ||     5
Throw: Boomerang         |       |    20 |     3 ||    23
       Stone             |       |     6 |     2 ||     8
       Dart              |       |       |    21 ||    21
       Javelin           |       |       |     1 ||     1
Invok: Depart the Abyss  |       |       |     1 ||     1
  Use: Potion            |       |     4 |     1 ||     5
       Scroll            |       |       |     7 ||     7
Armor: Robe              |    10 |       |       ||    10
       Ring mail         |    19 |     9 |       ||    28
       Plate armour      |       |    91 |   126 ||   217
Dodge: Dodged            |    86 |    51 |   117 ||   254

Table legend: (Time is in decaauts)
 A = Elapsed time spent in this place.
 B = Non-inter-level travel time spent in this place.
 C = Inter-level travel time spent in this place.
 D = Time resting spent in this place.
 E = Time spent auto-exploring this place.
 F = Levels seen in this place.
 G = Mean time per level.
                   A        B        C        D        E       F      G
               +--------+--------+--------+--------+--------+-----+--------+
         Total |   4866 |   4734 |    132 |      0 |   3553 |   9 |  540.7 |
       Dungeon |   4679 |   4553 |    126 |      0 |   3432 |   6 |  779.8 |
        Temple |     63 |     57 |      6 |      0 |     38 |   1 |   63.0 |
         Abyss |    122 |    122 |      0 |      0 |     83 |   2 |   61.0 |
               +--------+--------+--------+--------+--------+-----+--------+

Top non-repeatable levels by time:
     D:5: 934 daAuts
     D:2: 871 daAuts
     D:3: 864 daAuts
     D:6: 797 daAuts
     D:1: 690 daAuts
     D:4: 521 daAuts
 Abyss:2: 68 daAuts
  Temple: 63 daAuts
 Abyss:1: 54 daAuts
